 Dungeon Crawl Stone Soup version 0.27-a0-906-g0a00ce863d (webtiles) character file.

Game seed: 3704342635102704133

68 kae the Insei (level 4, 0/34 HPs)
             Began as a Demonspawn Gladiator on Apr 6, 2021.
             Slain by a scorpion (3 damage)
             ... on level 3 of the Dungeon.
             The game lasted 00:01:14 (1945 turns).

kae the Insei (Demonspawn Gladiator)                Turns: 1945, Time: 00:01:14

Health: 0/34       AC:  5    Str: 15    XL:     4   Next: 1%
Magic:  3/4        EV: 12    Int:  9    God:
Gold:   78         SH:  0    Dex: 15    Spells: 2/3 levels left

rFire    . . .     SeeInvis .     - Unarmed
rCold    . . .     Faith    .   (no shield)
rNeg     . . .     Spirit   .   a - +0 leather armour
rPois    .         Reflect  .   (helmet currently unavailable)
rElec    .         Harm     .   (no cloak)
rCorr    .         Rampage  .   (no gloves)
Will     .....                  (boots currently unavailable)
Stlth    +.........             (no amulet)
HPRegen  0.11/turn              (no ring)
MPRegen  0.09/turn              (no ring)

@: lethally poisoned (0 -> -12), appendages (expiring)
A: horns 2, talons 2, yellow scales 1
a: End Transformation


You were on level 3 of the Dungeon.
You had temporarily grown beastly horns and talons.
You visited 1 branch of the dungeon, and saw 3 of its levels.

You collected 78 gold pieces.

Inventory:

Missiles
 c - 3 throwing nets (quivered)
 f - 4 curare-tipped darts
Armour
 a - a +0 leather armour (worn)
 b - a +0 helmet (melded)
Jewellery
 l - a ring of poison resistance
Scrolls
 d - a scroll of identify {unknown}
 e - 2 scrolls of enchant weapon {unknown}
 g - a scroll of vulnerability {unknown}
 h - a scroll of enchant armour {unknown}
 i - a scroll of teleportation {unknown}
 k - 2 scrolls of fear {unknown}
Potions
 j - 2 potions of attraction {unknown}


   Skills:
 + Level 2.7 Fighting
 - Level 1.7 Throwing
 + Level 3.1 Dodging
 * Level 3.7 Unarmed Combat
 + Level 0.0 Spellcasting
 * Level 0.1 Transmutations


You had 2 spell levels left.
You knew the following spells:

 Your Spells              Type           Power      Damage    Failure   Level
a - Beastly Appendage     Tmut           0%         N/A       43%         1

Your spell library contained the following spells:

 Spells                   Type           Power      Damage    Failure   Level
 Corpse Rot               Necr/Air       N/A        N/A       58%         2
 Sublimation of Blood     Necr           0%         N/A       58%         2
 Wereblood                Tmut           0%         N/A       58%         2
 Spider Form              Tmut/Pois      0%         N/A       83%         3
 Dispel Undead            Necr           0%         3d6       99%         4
 Ice Form                 Ice/Tmut       0%         N/A       99%         4
 Agony                    Necr           0%         N/A       100%        5
 Excruciating Wounds      Necr           0%         N/A       100%        5
 Hydra Form               Tmut           0%         N/A       100%        5


Dungeon Overview and Level Annotations

Branches:
Dungeon (3/15)

Altars:

Shops:
D:1 *[


Innate Abilities, Weirdness & Mutations

You have temporarily grown beastly horns and talons.
You are partially covered in yellow scales. (AC +2)


Message History

The scorpion closely misses you. The scorpion barely misses you.
You hit the scorpion but do no damage. You claw the scorpion.
The scorpion is moderately wounded.
The scorpion stings you but does no damage.
You hit the scorpion but do no damage.
The scorpion is moderately wounded.
The scorpion stings you.
You are poisoned.
The scorpion poisons you!
You hit the scorpion but do no damage. Your kick misses the scorpion.
The scorpion is moderately wounded.
You feel very sick. The scorpion closely misses you.
You barely miss the scorpion. Your kick misses the scorpion.
Your headbutt misses the scorpion.
The scorpion is moderately wounded.
You feel sick. The scorpion stings you.
You hit the scorpion.
You claw the scorpion, but do no damage.
The scorpion is heavily wounded.
You feel sick.
The scorpion stings you but does no damage.
You barely miss the scorpion.
The scorpion is heavily wounded.
You feel sick. The scorpion stings you.
* * * LOW HITPOINT WARNING * * *
You are lethally poisoned!
The scorpion poisons you!
You barely miss the scorpion. You claw the scorpion!
The scorpion is almost dead.
* * * LOW HITPOINT WARNING * * *
You feel very sick. The scorpion barely misses you.
You barely miss the scorpion.
The scorpion is almost dead.
* * * LOW HITPOINT WARNING * * *
You feel very sick. The scorpion stings you.
You die...

# .. ... ....
.....
......#######
......s@....#
......#####.#
.(... #.#
.... #.# ...
#.# .. #.# .
#.# #+ #.#
#.########.#


You could see a scorpion.

Vanquished Creatures
  2 adders (D:2)
  A dart slug (D:2)
  An orc (D:3)
  4 bats
  3 endoplasms
  3 goblins
  7 hobgoblins
  4 jackals
  A kobold (D:2)
  3 quokkas
  4 ball pythons
  2 frilled lizards
  7 rats
42 creatures vanquished.

Notes
Turn   | Place    | Note
-------+----------+-------------------------------------------
     0 | D:1      | kae the Demonspawn Gladiator began the quest for the Orb.
     0 | D:1      | Reached XP level 1. HP: 16/16 MP: 1/1
   156 | D:1      | Gained mutation: You are partially covered in yellow
                  | scales. (AC +2) [demonic ancestry]
   156 | D:1      | Reached XP level 2. HP: 16/22 MP: 2/2
   600 | D:1      | Found Ytonneck's Antique Armour Boutique.
   643 | D:1      | Found a faded altar of an unknown god.
   865 | D:1      | Found Degiutt's General Store.
  1025 | D:2      | Reached XP level 3. HP: 26/28 MP: 3/3
  1491 | D:2      | Learned a level 1 spell: Beastly Appendage
  1926 | D:3      | Noticed a scorpion
  1936 | D:3      | Reached XP level 4. HP: 25/34 MP: 4/4
  1945 | D:3      | Slain by a scorpion

Illustrated notes

Levels and vault maps discovered:
D:1:      minmay_arrival_open_corners, layout_rooms, serial_shops, shop, shop,
          chequers_ecumenical_altar_simple_redux, minmay_unequal
D:2:      layout_basic, hangedman_decor_lopped
D:3:      layout_basic, gammafunk_ghost_cemetery

Skill      XL: |  1  2 |
---------------+-------+-----
Unarmed Combat | 3 |  3.7
Dodging        | 3 |  3.1
Fighting       | |  2.7
Throwing       | |  1.7
Transmutations | |  0.1

Action                   |  1- 3 |  4- 6 || total
-------------------------+-------+-------++-------
Melee: Unarmed           |   147 |     8 ||   155
       Punch             |     1 |       ||     1
       Kick              |     7 |     3 ||    10
 Cast: Beastly Appendage |     2 |     1 ||     3
Armor: Leather armour    |    60 |     2 ||    62
Dodge: Dodged            |   127 |     5 ||   132

Table legend: (Time is in decaauts)
 A = Elapsed time spent in this place.
 B = Non-inter-level travel time spent in this place.
 C = Inter-level travel time spent in this place.
 D = Time resting spent in this place.
 E = Time spent auto-exploring this place.
 F = Levels seen in this place.
 G = Mean time per level.
                   A        B        C        D        E       F      G
               +--------+--------+--------+--------+--------+-----+--------+
         Total |   1935 |   1904 |     31 |    321 |   1289 |   3 |  645.0 |
       Dungeon |   1935 |   1904 |     31 |    321 |   1289 |   3 |  645.0 |
               +--------+--------+--------+--------+--------+-----+--------+

Top non-repeatable levels by time:
     D:2: 977 daAuts
     D:1: 908 daAuts
     D:3: 49 daAuts
